 Dungeon Crawl Stone Soup version bcrawl-1.41 (webtiles) character file.

Game seed: 229868655926381104

355334 xsansara the Thaumaturge (level 11, -11/83 HPs)
             Began as a Gnoll Wizard on July 8, 2023.
             Was an Initiate of Gozag.
             Mangled by a six-headed hydra (12 damage)
             ... on level 2 of the Lair of Beasts on Apr 7, 2024.
             The game lasted 01:15:11 (11654 turns).

xsansara the Thaumaturge (Gnoll Wizard)            Turns: 11654, Time: 01:15:11

Health: -11/83     AC: 13    Str:  7    XL:     11   Next: 95%
Magic:  12/24      EV: 18    Int: 28    God:    Gozag
Gold:   1314       SH:  0    Dex: 17    Spells: 6/29 levels left

rFire    + + .     GDR:     34% p - staff of cold
rCold    + . .     SeeInvis .   (no shield)
rNeg     . . .     Gourm    .   Q - +2 robe {RegenMP}
rPois    .         Faith    .   B - +2 helmet of Gippal {+Inv rElec Str-3 Dex+4}
rElec    +         Spirit   .   P - scarf {rC+ rF+}
rCorr    .         Reflect  .   r - +1 pair of gloves
MR       .....                  G - +2 pair of boots
Stlth    ++++......             (no amulet)
HPRegen  0.23/turn              I - ring of Detuwovo {Fire Int+4}
MPRegen  0.38/turn              E - ring of insulation

@: gold aura
A: distributed training, fangs 1, strong nose
a: Potion Petition, Call Merchant, Bribe Branch, Renounce Religion, Evoke
Invisibility


You were on level 2 of the Lair of Beasts.
You worshipped Gozag.
Gozag was most pleased with you.
You were not hungry.

You visited 3 branches of the dungeon, and saw 12 of its levels.

You collected 1784 gold pieces.
You spent 409 gold pieces at shops.
You paid 61 gold pieces to Gozag.

Inventory:

Hand Weapons
 a - a +0 staff of venom
 g - a +0 falchion
 v - a +3 spear of freezing
Missiles
 o - 143 poisoned tomahawks (quivered)
Armour
 r - a +1 pair of gloves (worn)
 A - a scarf of clouds
 B - the +2 helmet of Gippal (worn) {+Inv rElec Str-3 Dex+4}
   (You found it on level 4 of the Dungeon)

   It affects your strength (-3).
   It affects your dexterity (+4).
   It insulates you from electricity.
   It lets you turn invisible.
 G - a +2 pair of boots (worn)
 P - a scarf of resistance (worn)
 Q - a +2 robe of magic recovery (worn)
Magical Staves
 p - an uncursed staff of cold (weapon)
 y - an uncursed staff of death
Jewellery
 j - an uncursed amulet of guardian spirit
 u - a +6 ring of strength
 E - a ring of insulation (right hand)
 I - the ring of Detuwovo (left hand) {Fire Int+4}
   (You found it on level 5 of the Dungeon)

   [ring of fire]

   It enhances your fire magic.
   It affects your intelligence (+4).
   It protects you from fire.
   It makes you vulnerable to cold.
Wands
 c - a wand of paralysis (7)
 i - a wand of iceblast (8)
 J - a wand of random effects (5)
 S - a wand of flame (3)
Scrolls
 b - a scroll of silence {unknown}
 h - 5 scrolls of revelation
 l - a scroll of fear
 n - a scroll of enchant weapon
 q - 4 scrolls of enchant armour
 t - 6 scrolls of remove curse
 w - a scroll of brand weapon
 H - a scroll of immolation
 L - a scroll of fog
 M - a scroll of teleportation {unknown}
 N - a scroll of blinking {unknown}
 O - a scroll of noise {unknown}
 R - a scroll of summoning {unknown}
Potions
 d - 2 potions of flight
 f - a potion of brilliance
 k - 5 potions of curing
 m - 2 potions of magic
 s - 5 potions of heal wounds
 x - 2 potions of cancellation
 z - 2 potions of lignification
 C - a potion of ambrosia
 D - 2 potions of invisibility
 F - 2 potions of might
 K - 2 potions of mutation
Comestibles
 e - 12 rations {!d}


   Skills:
 + Level 6.6 Fighting
 + Level 6.6 Short Blades
 + Level 6.6 Long Blades
 + Level 6.6 Axes
 + Level 6.6 Maces & Flails
 + Level 6.6 Polearms
 + Level 6.6 Staves
 + Level 6.6 Slings
 + Level 6.6 Bows
 + Level 6.6 Crossbows
 + Level 6.6 Throwing
 + Level 6.6 Armour
 + Level 8.1 Dodging
 + Level 8.1 Stealth
 + Level 6.6 Shields
 + Level 6.6 Unarmed Combat
 + Level 9.8 Spellcasting
 + Level 6.0 Conjurations
 + Level 5.5 Hexes
 + Level 5.5 Charms
 + Level 6.0 Summonings
 + Level 5.5 Necromancy
 + Level 6.0 Translocations
 + Level 5.5 Transmutations
 + Level 5.5 Fire Magic
 + Level 5.5 Ice Magic
 + Level 5.5 Air Magic
 + Level 5.5 Earth Magic
 + Level 5.5 Poison Magic
 + Level 7.3 Invocations
 + Level 6.6 Evocations


You had 6 spell levels left.
You knew the following spells:

 Your Spells              Type           Power        Failure   Level  Hunger
a - Magic Dart            Conj           ####         1%          1    None
b - Blink                 Tloc           N/A          1%          2    None
c - Call Imp              Summ           #####.       1%          2    None
d - Conjure Flame         Conj/Fire      ######..     1%          3    None
e - Mephitic Cloud        Conj/Pois/Air  #####...     1%          3    None
f - Summon Butterflies    Summ           #####...     1%          1    None
g - Stone Arrow           Conj/Erth      #####.       1%          3    None
h - Summon Lightning Spi  Summ/Air       #####...     11%         5    ####...
i - Tukima's Dance        Hex            #####...     1%          3    None

Your spell library contained the following spells:

 Spells                   Type           Power        Failure   Level  Hunger
 Apportation              Tloc           #####.       1%          1    None
 Beastly Appendage        Tmut           #####.       1%          1    None
 Corona                   Hex            #####..      1%          1    None
 Infusion                 Chrm           #####...     1%          1    None
 Sandblast                Erth           #####.       1%          1    None
 Slow                     Hex            #####...     1%          1    None
 Static Discharge         Air            #####.       1%          1    None
 Passwall                 Tmut/Erth      #####...     1%          2    None
 Sticks to Snakes         Tmut           #####...     1%          2    None
 Beckoning                Tloc           #####.....   1%          3    None
 Spider Form              Tmut/Pois      ###          1%          3    None
 Lightning Bolt           Conj/Air       #####...     3%          4    #......
 Ice Form                 Ice/Tmut       ######..     4%          4    None
 Petrify                  Tmut/Erth      #####.....   4%          4    #......
 Blade Hands              Tmut           #####.....   12%         5    ####...
 Lee's Rapid Deconstruct  Erth           #####.....   12%         5    ####...
 Conjure Ball Lightning   Conj/Air       #####.....   52%         6    #####..
 Deflect Missiles         Chrm/Air       #####.....   54%         6    #####..
 Invisibility             Hex            #####...     54%         6    #####..
 Chain Lightning          Conj/Air       #####.....   100%        8    #######


Dungeon Overview and Level Annotations

Branches:
Dungeon (9/12)             Temple (1/1) D:5            Lair (2/6) D:8
  Swamp (0/3) Lair:2
 Shoals: Lair:2-4     Snake: Lair:2-4    Spider: Lair:2-4       Orc: D:8-11

Altars:
Ashenzari
Cheibriados
Dithmenos
Fedhas
Gozag
Hepliaklqana
Kikubaaqudgha
Lugonu
Makhleb
Nemelex Xobeh
Okawaru
Qazlal
Ru
Sif Muna
Trog
Uskayaw
Vehumet
Wu Jian
Xom
Yredelemnul
Zin
The Shining One

Shops:
D:5 *   D:6 !(*   D:7 !

Portals:
Trove: D:8 (give 7 potions of agility)

Annotations:
Lair:2 3 runed translucent doors


Innate Abilities, Weirdness & Mutations

Your experience applies equally to all skills.
You have very sharp teeth.
Your uncanny sense of smell can sniff out nearby items.


Message History

The six-headed hydra completely misses you.
The spriggan hits the six-headed hydra with a +0 short sword!
Something tramples the spriggan!
The spriggan is shoved backwards!
The spriggan is killed!
Casting: Stone Arrow (safe; 1% risk of failure)
Confirm with . or Enter, or press ? or * to list all spells.
Aiming: Stone Arrow (safe; 1% risk of failure)
Press: ? - help, Shift-Dir - straight line, f/p - six-headed hydra
Aim: a six-headed hydra (almost dead)
The stone arrow hits the six-headed hydra!
The six-headed hydra is almost dead.
The six-headed hydra bites you but does no damage.
The six-headed hydra closely misses you. x2
The six-headed hydra bites you.
* * * LOW HITPOINT WARNING * * *
The six-headed hydra bites you.
* * * LOW HITPOINT WARNING * * *
The six-headed hydra bites you!
You die...
Your body crumbles into a pile of gold.

.....♣....P......................
.....♣♣.P......P.....♣.....#.##..
..........................#####..
.....♣.........P..P..♣P....#.....
....♣..P..P#####P..P.P♣.....###++
.........PP#$..#...........##....
.....P.....#.(iY$..........###...
.....P.....#$..#DP..PP.....# ..
....♣...P..#####@.P...P.#[## ∆∆
....♣P..PP............[####
......................## #####
...##P............P.♣.## ###.##.
.. #.................P####P.#...
. ##♣......P....♣♣.............
#........P♣.♣#.....#.......
###.........#......#.#.##..
#######.........§.§§.########


You could see a six-headed hydra and an elephant (confused).

Vanquished Creatures
  2 two-headed ogres (D:8)
  An ugly thing (D:8)
  A black mamba (Lair:2)
  2 cane toads
  4 komodo dragons (Lair:2)
  A troll (D:8)
  Maurice (D:8)
  A bog body (Lair:2)
  Grum (D:8)
  2 hippogriffs
  A spriggan (Lair:2)
  9 yaks
  4 hogs (D:7)
  A hungry ghost (D:8)
  2 wargs (D:8)
  A vampire mosquito (D:8)
  2 water moccasins
  A crocodile (Lair:2)
  4 porcupines
  A phantom (D:7)
  3 orc warriors
  4 wolves (D:8)
  An ogre (D:4)
  A kobold brigand (D:8)
  4 bullfrogs
  4 centaurs
  3 scorpions
  9 orc priests
  A howler monkey (D:4)
  2 crimson imps
  A quasit (D:8)
  A jelly (D:3)
  10 orc wizards
  An iguana (D:4)
  5 worker ants
  Natasha (D:3)
  A killer bee zombie (D:5)
  2 hound zombies
  4 hound skeletons
  A howler monkey skeleton (D:4)
  7 adders
  2 shadow imps
  3 oozes
  5 worms
  3 dart slugs
  6 leopard geckos
  10 orcs
  5 bats
  A giant cockroach (D:3)
  5 goblins
  6 hobgoblins
  5 jackals (D:2)
  17 kobolds
  4 quokkas
  A ball python (D:2)
  2 rats (D:1)
  A spectral hobgoblin (D:8)
184 creatures vanquished.

Vanquished Creatures (collateral kills)
  Prince Ribbit (D:8)
  2 hippogriffs (D:7)
  A human (D:7)
  A steam dragon (D:7)
  Menkaure (D:4)
  A warg (D:8)
  2 sky beasts
  An ice beast (D:5)
  A phantom (D:8)
  4 bullfrogs
  A howler monkey (D:7)
  3 crimson imps
  A bullfrog skeleton (D:4)
  Natasha (D:3)
  A hound zombie (D:4)
  A hound skeleton (D:6)
  A worker ant zombie (D:7)
  5 adders
  5 oozes (D:3)
  An adder zombie (D:5)
  2 adder skeletons (D:4)
  A worm (D:4)
  15 orcs
  A ball python (D:3)
  A bat (D:2)
  A goblin (D:2)
  A hobgoblin (D:2)
  7 kobolds
  2 quokka skeletons
  A rat (D:2)
67 creatures vanquished.

Vanquished Creatures (others)
  10 toadstools (D:3)
10 creatures vanquished.

Grand Total: 261 creatures vanquished

Notes
Turn   | Place    | Note
-------+----------+-------------------------------------------
     0 | D:1      | xsansara the Gnoll Wizard began the quest for the Orb.
     0 | D:1      | Reached XP level 1. HP: 13/13 MP: 8/8
   219 | D:1      | Reached XP level 2. HP: 19/19 MP: 1/10
   938 | D:1      | Reached XP level 3. HP: 24/25 MP: 11/11
  1113 | D:2      | Found a corrupted altar of Lugonu.
  1268 | D:2      | Learned a level 2 spell: Blink
  1271 | D:2      | Learned a level 2 spell: Call Imp
  1275 | D:2      | Learned a level 3 spell: Conjure Flame
  1279 | D:2      | Learned a level 3 spell: Mephitic Cloud
  1362 | D:2      | Reached skill level 1 in Invocations
  1468 | D:2      | Reached skill level 1 in Fighting
  1468 | D:2      | Reached skill level 1 in Short Blades
  1468 | D:2      | Reached skill level 1 in Long Blades
  1468 | D:2      | Reached skill level 1 in Axes
  1468 | D:2      | Reached skill level 1 in Maces & Flails
  1468 | D:2      | Reached skill level 1 in Polearms
  1468 | D:2      | Reached skill level 1 in Staves
  1468 | D:2      | Reached skill level 1 in Slings
  1468 | D:2      | Reached skill level 1 in Bows
  1468 | D:2      | Reached skill level 1 in Crossbows
  1468 | D:2      | Reached skill level 1 in Throwing
  1468 | D:2      | Reached skill level 1 in Armour
  1468 | D:2      | Reached skill level 1 in Shields
  1468 | D:2      | Reached skill level 1 in Unarmed Combat
  1468 | D:2      | Reached skill level 1 in Evocations
  1468 | D:2      | Upgraded the game from bcrawl-1.39.1 to bcrawl-1.41
  1580 | D:2      | Reached XP level 4. HP: 32/32 MP: 13/13
  2098 | D:3      | Reached skill level 1 in Hexes
  2098 | D:3      | Reached skill level 1 in Charms
  2098 | D:3      | Reached skill level 1 in Necromancy
  2098 | D:3      | Reached skill level 1 in Transmutations
  2098 | D:3      | Reached skill level 1 in Fire Magic
  2098 | D:3      | Reached skill level 1 in Ice Magic
  2098 | D:3      | Reached skill level 1 in Air Magic
  2098 | D:3      | Reached skill level 1 in Earth Magic
  2098 | D:3      | Reached skill level 1 in Poison Magic
  2125 | D:3      | Noticed a centaur
  2143 | D:3      | Killed a centaur
  2144 | D:3      | Reached XP level 5. HP: 8/37 MP: 1/14
  2453 | D:3      | Noticed Natasha
  2459 | D:3      | Killed Natasha
  2460 | D:3      | Reached XP level 6. HP: 44/44 MP: 13/16
  2654 | D:3      | Found a stormy altar of Qazlal.
  2836 | D:3      | Noticed Natasha
  2846 | D:3      | Killed Natasha
  3314 | D:3      | Reached skill level 5 in Dodging
  3314 | D:3      | Reached skill level 5 in Stealth
  3782 | D:4      | Reached XP level 7. HP: 50/50 MP: 11/18
  4018 | D:4      | Got a masterwork helmet
  4029 | D:4      | Identified the +2 helmet of Gippal {+Inv rElec Str-3 Dex+4}
                  | (You found it on level 4 of the Dungeon)
  4340 | D:4      | Found an iron altar of Okawaru.
  4446 | D:4      | Found a shattered altar of Ashenzari.
  4525 | D:4      | Noticed Menkaure
  4558 | D:4      | Killed Menkaure
  4559 | D:4      | Reached XP level 8. HP: 27/57 MP: 16/19
  4746 | D:5      | Entered Level 5 of the Dungeon
  4906 | D:5      | Found an ancient bone altar of Kikubaaqudgha.
  5028 | D:5      | Learned a level 1 spell: Summon Butterflies
  5061 | D:5      | Got an ancient brass ring
  5063 | D:5      | Identified the ring of Detuwovo {Fire Int+4} (You found it
                  | on level 5 of the Dungeon)
  5068 | D:5      | Learned a level 3 spell: Stone Arrow
  5184 | D:5      | Found a staircase to the Ecumenical Temple.
  5193 | Temple   | Entered the Ecumenical Temple
  5466 | Temple   | Became a worshipper of Gozag Ym Sagoz the Greedy
  5589 | D:5      | Found a sacrificial altar of Ru.
  5785 | D:5      | Found Oreqio's Assorted Antiques.
  5788 | D:5      | Bought a fizzy ruby potion for 21 gold pieces
  5788 | D:5      | Bought a fluorescent wand for 96 gold pieces
  5788 | D:5      | Bought a cyan potion for 21 gold pieces
  5788 | D:5      | Bought a scroll labeled SUGAIMA PAALEE for 24 gold pieces
  6003 | D:6      | Reached skill level 8 in Spellcasting
  6112 | D:6      | Found Quluep's Distillery.
  6123 | D:6      | Bought a potion of heal wounds for 65 gold pieces
  6127 | D:6      | Found a sparkling altar of Nemelex Xobeh.
  6128 | D:6      | Found a blossoming altar of Fedhas.
  6128 | D:6      | Noticed a yak
  6136 | D:6      | Found a hide-covered altar of Uskayaw.
  6145 | D:6      | Killed a yak
  6239 | D:6      | Reached XP level 9. HP: 65/65 MP: 14/21
  6302 | D:6      | Found Codonefokk's Antique Weapon Shop.
  6381 | D:6      | Found Wog Vino's General Store.
  7495 | D:7      | Reached skill level 5 in Invocations
  7772 | D:7      | Reached XP level 10. HP: 56/73 MP: 17/22
  7810 | D:7      | Found Cozus's Distillery.
  7815 | D:7      | Bought a potion of magic for 70 gold pieces
  7815 | D:7      | Bought a potion of invisibility for 112 gold pieces
  8298 | D:8      | Reached skill level 5 in Fighting
  8298 | D:8      | Reached skill level 5 in Short Blades
  8298 | D:8      | Reached skill level 5 in Long Blades
  8298 | D:8      | Reached skill level 5 in Axes
  8298 | D:8      | Reached skill level 5 in Maces & Flails
  8298 | D:8      | Reached skill level 5 in Polearms
  8298 | D:8      | Reached skill level 5 in Staves
  8298 | D:8      | Reached skill level 5 in Slings
  8298 | D:8      | Reached skill level 5 in Bows
  8298 | D:8      | Reached skill level 5 in Crossbows
  8298 | D:8      | Reached skill level 5 in Throwing
  8298 | D:8      | Reached skill level 5 in Armour
  8298 | D:8      | Reached skill level 5 in Shields
  8298 | D:8      | Reached skill level 5 in Unarmed Combat
  8298 | D:8      | Reached skill level 5 in Evocations
  8321 | D:8      | Noticed Prince Ribbit
  8322 | D:8      | Noticed a two-headed ogre
  8373 | D:8      | Killed a two-headed ogre
  8374 | D:8      | Reached skill level 9 in Spellcasting
  8400 | D:8      | Killed Prince Ribbit
  8401 | D:8      | Reached skill level 5 in Conjurations
  8401 | D:8      | Reached skill level 5 in Summonings
  8401 | D:8      | Reached skill level 5 in Translocations
  8404 | D:8      | Noticed Maurice
  8501 | D:8      | Noticed a two-headed ogre
  8509 | D:8      | Killed a two-headed ogre
  8683 | D:8      | Reached XP level 11. HP: 81/81 MP: 17/24
  8711 | D:8      | Learned a level 5 spell: Summon Lightning Spire
  8887 | D:8      | Found a blossoming altar of Fedhas.
  8954 | D:8      | Killed Maurice
  9114 | D:8      | Found a portal to a secret trove of treasure.
  9144 | D:8      | Noticed a white ugly thing
  9160 | D:8      | Killed a white ugly thing
  9347 | D:8      | Noticed Grum
  9389 | D:8      | Killed Grum
  9390 | D:8      | Reached skill level 5 in Hexes
  9390 | D:8      | Reached skill level 5 in Charms
  9390 | D:8      | Reached skill level 5 in Necromancy
  9390 | D:8      | Reached skill level 5 in Transmutations
  9390 | D:8      | Reached skill level 5 in Fire Magic
  9390 | D:8      | Reached skill level 5 in Ice Magic
  9390 | D:8      | Reached skill level 5 in Air Magic
  9390 | D:8      | Reached skill level 5 in Earth Magic
  9390 | D:8      | Reached skill level 5 in Poison Magic
  9573 | D:8      | Found a staircase to the Lair.
  9652 | D:8      | Found a hazy altar of Hepliaklqana.
  9917 | Lair:1   | Entered Level 1 of the Lair of Beasts
  9945 | Lair:1   | Learned a level 3 spell: Tukima's Dance
 10883 | Lair:2   | Found a staircase to the Swamp.
 11588 | Lair:2   | Found a runed translucent gate.
 11589 | Lair:2   | Found a runed translucent gate.
 11590 | Lair:2   | Found a runed translucent gate.
 11633 | Lair:2   | Noticed a six-headed hydra
 11654 | Lair:2   | HP: 3/83 [six-headed hydra (2)]
 11654 | Lair:2   | HP: 1/83 [six-headed hydra (2)]
 11654 | Lair:2   | Mangled by a six-headed hydra

Skill      XL: |  1  2  3  4  5  6  7  8  9 10 11 |
---------------+----------------------------------+-----
Conjurations   | 2 3 4 5 6 |  6.0
Summonings     | 2 3 4 5 6 |  6.0
Translocations | 2 3 4 5 6 |  6.0
Invocations    | 1 2 3 4 5 6 7 |  7.3
Fighting       | 1 2 3 4 5 6 |  6.6
Short Blades   | 1 2 3 4 5 6 |  6.6
Long Blades    | 1 2 3 4 5 6 |  6.6
Axes           | 1 2 3 4 5 6 |  6.6
Maces & Flails | 1 2 3 4 5 6 |  6.6
Polearms       | 1 2 3 4 5 6 |  6.6
Staves         | 1 2 3 4 5 6 |  6.6
Slings         | 1 2 3 4 5 6 |  6.6
Bows           | 1 2 3 4 5 6 |  6.6
Crossbows      | 1 2 3 4 5 6 |  6.6
Throwing       | 1 2 3 4 5 6 |  6.6
Armour         | 1 2 3 4 5 6 |  6.6
Shields        | 1 2 3 4 5 6 |  6.6
Unarmed Combat | 1 2 3 4 5 6 |  6.6
Evocations     | 1 2 3 4 5 6 |  6.6
Hexes          | 1 2 3 4 5 |  5.5
Charms         | 1 2 3 4 5 |  5.5
Necromancy     | 1 2 3 4 5 |  5.5
Transmutations | 1 2 3 4 5 |  5.5
Fire Magic     | 1 2 3 4 5 |  5.5
Ice Magic      | 1 2 3 4 5 |  5.5
Air Magic      | 1 2 3 4 5 |  5.5
Earth Magic    | 1 2 3 4 5 |  5.5
Poison Magic   | 1 2 3 4 5 |  5.5
Dodging        | 5 6 7 8 |  8.1
Stealth        | 5 6 7 8 |  8.1
Spellcasting   | 8 9 |  9.8

Action                   |  1- 3 |  4- 6 |  7- 9 | 10-12 || total
-------------------------+-------+-------+-------+-------++-------
Melee: Staff             |    94 |    30 |   162 |   116 ||   402
       Bite              |     5 |     4 |    18 |    17 ||    44
       Punch             |       |     1 |     3 |     5 ||     9
Throw: Tomahawk          |     4 |    19 |    28 |    39 ||    90
 Cast: Magic Dart        |    43 |   103 |   124 |       ||   270
       Call Imp          |     2 |    22 |    55 |    26 ||   105
       Mephitic Cloud    |     2 |     2 |    14 |    25 ||    43
       Summon Butterflie |       |       |     1 |     3 ||     4
       Stone Arrow       |       |       |    14 |   138 ||   152
       Blink             |       |       |       |     2 ||     2
       Conjure Flame     |       |       |       |     1 ||     1
Invok: Potion Petition   |       |       |       |     1 ||     1
 Abil: Evoke Fog         |       |       |     1 |       ||     1
       Evoke Invisibilit |       |       |       |     1 ||     1
  Use: Scroll            |       |     2 |     5 |    10 ||    17
       Potion            |       |       |       |     1 ||     1
 Stab: Sleeping          |     2 |       |     1 |     2 ||     5
       Confused          |     1 |       |     1 |     6 ||     8
       Distracted        |       |     1 |     4 |     3 ||     8
       Invisible         |       |       |       |     4 ||     4
  Eat: Chunk             |     6 |     9 |     7 |       ||    22
       Ration            |       |       |     4 |     6 ||    10
Armor: Robe              |    15 |    10 |    71 |    56 ||   152
Dodge: Dodged            |    73 |    53 |   146 |   160 ||   432
